 Dungeon Crawl Stone Soup version 0.30-a0-358-g0d69a1922f (webtiles) character file.

Game seed: 16878899144601470604

230 Low2 the Twirler (level 6, -2/62 HPs)
             Began as an Ogre Gladiator on Nov 11, 2022.
             Was a Follower of Qazlal.
             Slain by a phantom (4 damage)
             ... on level 5 of the Dungeon.
             The game lasted 00:15:48 (3603 turns).

Low2 the Twirler (Ogre Gladiator)                   Turns: 3603, Time: 00:15:49

Health: -2/62      AC:  2    Str: 21    XL:     6   Next: 3%
Magic:  6/6        EV: 10    Int:  9    God:    Qazlal [*.....]
Gold:   215        SH:  2    Dex: 10    Spells: 5/5 levels left

rFire   + . .      SeeInvis .    p - +2 quarterstaff (vorpal)
rCold   . . .      Faith    .    (shield currently unavailable)
rNeg    . . .      Spirit   .    b - +2 robe
rPois   +          Reflect  .    c - +1 hat
rElec   .          Harm     .    (no cloak)
rCorr   .          Rampage  .    (gloves unavailable)
Will    .....                    (boots unavailable)
Stlth   +.........               (no amulet)
HPRegen 0.30/turn                v - ring of poison resistance
MPRegen 0.10/turn                t - ring of protection from fire

@: lethally poisoned (-2 -> -2), about to teleport, corroded
A: large, unfitting armour, tough skin 1
a: Renounce Religion


You were on level 5 of the Dungeon.
You worshipped Qazlal.
Qazlal was aware of your devotion.
You visited 1 branch of the dungeon, and saw 5 of its levels.

You collected 215 gold pieces.

Inventory:

Hand Weapons
 a - a +0 quarterstaff
 p - a +2 vorpal quarterstaff (weapon)
 u - a +0 hand axe
Armour
 b - a +2 robe (worn)
 c - a +1 hat (worn)
Jewellery
 l - a ring of resist corrosion
 t - a ring of protection from fire (right hand)
 v - a ring of poison resistance (left hand)
Scrolls
 d - a scroll of amnesia {unknown}
 f - a scroll of fear
 r - a scroll of vulnerability {unknown}
 w - a scroll of brand weapon {unknown}
 y - a scroll of torment {unknown}
Potions
 g - 4 potions of flight
 i - 3 potions of haste
 j - 2 potions of magic
 m - a potion of brilliance {unknown}
 n - a potion of heal wounds {unknown}
 o - 3 potions of curing {unknown}
 q - a potion of invisibility {unknown}
 x - a potion of might {unknown}
 z - a potion of degeneration {unknown}


   Skills:
 + Level 3.8 Fighting
 + Level 5.0 Staves
 + Level 2.1 Throwing
 + Level 3.5 Dodging
 + Level 1.3 Stealth
 + Level 0.3 Shields


You had 5 spell levels left.
You didn't know any spells.
Your spell library contained the following spells:

 Spells                   Type           Power      Damage    Failure   Level
 Vhi's Electric Charge    Tloc/Air       0%         N/A       77%         3
 Maxwell's Capacitive Co  Air            0%         ∞         100%        8
 Chain Lightning          Conj/Air       0%         N/A       100%        9


Dungeon Overview and Level Annotations

Branches:
Dungeon (5/15)             Temple (0/1) D:4

Altars:
Qazlal

Shops:
D:4 (


Innate Abilities, Weirdness & Mutations

You are too large for most types of armour.
You have tough skin. (AC +1)


Message History

Found a stone staircase leading up.
There is a stone staircase leading up here.
An adder and a wight come into view.
The adder hisses angrily.
Found a stone staircase leading down.
A jelly and a phantom come into view.
The jelly quivers.
The adder closely misses you. The adder attacks as you move away!
The adder bites you. x2
You are poisoned.
The adder poisons you!
You feel sick. The adder misses you. The adder attacks as you move away!
The adder bites you. The phantom attacks as you move away!
The phantom misses you.
You feel sick.
You thump the jelly! The acid corrodes you!
Your hands burn!
The jelly is almost dead.
You feel sick. The adder bites you but does no damage. The phantom hits you.
The jelly hits you.
You are splashed with acid!
The adder bites you.
You sock the jelly!
You kill the jelly!
Qazlal accepts your kill.
You feel sick. The adder bites you.
The phantom hits you but does no damage.
The wight hits you with a +0 war axe!
* * * LOW HITPOINT WARNING * * *
You feel drained.
* * * LOW HITPOINT WARNING * * *
Your life force feels restored.
Your Staves skill increases to level 5!
You have reached level 6!
You feel stronger.
Okay, then.
As you read the scroll of teleportation, it crumbles to dust.
You feel strangely unstable.
You feel sick. The adder bites you.
* * * LOW HITPOINT WARNING * * *
The phantom hits you.
* * * LOW HITPOINT WARNING * * *
The phantom blinks!
You blink.
The phantom attacks as you move away! The phantom hits you.
You die...

.... . . ... . ..
#.. .# ... #.. .#
....#..##.#
...........##.##
#......>.W......
#.......@###
#...##.....#
#........#.##.#
#..##..z......#
.########..###...#
###
........#......S.#
######.#.<.......#
#.####.#####...#
#.# #.# ...#


You could see a phantom, a wight and an adder.

Vanquished Creatures
  2 jellies
  An iguana (D:5)
  An orc wizard (D:3)
  2 adders
  2 ufetubi
  3 worms
  2 dart slugs
  15 orcs
  5 endoplasms
  4 giant cockroaches
  4 goblins
  4 hobgoblins
  7 kobolds
  2 quokkas
  4 ball pythons
  6 bats
  5 frilled lizards
  3 rats
72 creatures vanquished.

Notes
Turn   | Place    | Note
-------+----------+-------------------------------------------
     0 | D:1      | Low2 the Ogre Gladiator began the quest for the Orb.
     0 | D:1      | Reached XP level 1. HP: 22/22 MP: 1/1
   102 | D:1      | Reached XP level 2. HP: 28/29 MP: 2/2
   775 | D:2      | Reached XP level 3. HP: 36/37 MP: 3/3
  2058 | D:3      | Found a stormy altar of Qazlal.
  2090 | D:3      | Became a worshipper of Qazlal Stormbringer
  2148 | D:3      | Got Sif Muna's Papyrus of Conduction
  2207 | D:3      | Reached skill level 4 in Staves
  2207 | D:3      | Reached XP level 4. HP: 44/45 MP: 4/4
  2269 | D:3      | Reached XP level 5. HP: 40/54 MP: 5/5
  2850 | D:3      | Reached * piety under Qazlal
  3226 | D:4      | Found Duofocig's Weapon Shoppe.
  3307 | D:4      | Found a staircase to the Ecumenical Temple.
  3364 | D:5      | Entered Level 5 of the Dungeon
  3543 | D:5      | Reached skill level 1 in Stealth
  3596 | D:5      | Noticed a phantom
  3602 | D:5      | Reached skill level 5 in Staves
  3602 | D:5      | Reached XP level 6. HP: 11/62 MP: 6/6
  3602 | D:5      | HP: 2/62 [phantom (6)]
  3603 | D:5      | Slain by a phantom

Illustrated notes

Levels and vault maps discovered:
D:1:      shiori_arrival_elements, layout_rooms
D:2:      minmay_door_path, layout_loops_ring, kennysheep_minor_cross,
          kennysheep_potato
D:3:      layout_basic, mainiacjoe_overflow_brackets
D:4:      layout_loops_ring, vehumet_altar_wand_db, minmay_temple_entry_slanted,
          serial_shops, kennysheep_mini_moat, nicolae_stop_n_shop_1
D:5:      minmay_general_purpose_star, layout_loops_cross,
          lemuel_coloured_pillars_altar, st_stairs_4, amethyst_killhole

Skill      XL: |  1  2  3  4  5 |
---------------+----------------+-----
Dodging        | 3 |  3.5
Fighting       | 3 |  3.8
Staves         | 4 5 |  5.0
Stealth        | 1 |  1.3
Throwing       | |  2.1
Shields        | |  0.3

Action                   |  1- 3 |  4- 6 || total
-------------------------+-------+-------++-------
Melee: Quarterstaff      |    87 |    88 ||   175
Throw: Throwing net      |     3 |       ||     3
       Large rock        |       |     6 ||     6
  Use: Scroll            |       |     9 ||     9
 Stab: Sleeping          |       |     1 ||     1
Armor: Robe              |    50 |    28 ||    78
Dodge: Dodged            |    51 |    64 ||   115
Block: Other             |       |     3 ||     3

Table legend: (Time is in decaauts)
 A = Elapsed time spent in this place.
 B = Non-inter-level travel time spent in this place.
 C = Inter-level travel time spent in this place.
 D = Time resting spent in this place.
 E = Time spent auto-exploring this place.
 F = Levels seen in this place.
 G = Mean time per level.
                   A        B        C        D        E       F      G
               +--------+--------+--------+--------+--------+-----+--------+
         Total |   3623 |   3623 |      0 |    260 |      0 |   5 |  724.6 |
       Dungeon |   3623 |   3623 |      0 |    260 |      0 |   5 |  724.6 |
               +--------+--------+--------+--------+--------+-----+--------+

Top non-repeatable levels by time:
     D:2: 1381 daAuts
     D:3: 916 daAuts
     D:1: 763 daAuts
     D:4: 321 daAuts
     D:5: 240 daAuts
